 Dungeon Crawl Stone Soup version 0.29-a0-830-gcb1280458a (webtiles) character file.

Game seed: 6452406097122794265

2 kae the Firebug (level 1, -1/14 HPs)
             Began as a Demigod Fire Elementalist on July 11, 2022.
             Frozen to death by an endoplasm (4 damage)
             ... on level 1 of the Dungeon.
             The game lasted 00:00:14 (33 turns).

kae the Firebug (Demigod Fire Elementalist)           Turns: 33, Time: 00:00:15

Health: -1/14      AC:  2    Str:  9    XL:     1   Next: 26%
Magic:  0/5        EV: 12    Int: 17    God:
Gold:   0          SH:  0    Dex: 14    Spells: 2/3 levels left

rFire   . . .      SeeInvis .   (no weapon)
rCold   . . .      Faith    .   (no shield)
rNeg    . . .      Spirit   .   a - +0 robe
rPois   .          Reflect  .   (no helmet)
rElec   .          Harm     .   (no cloak)
rCorr   .          Rampage  .   (no gloves)
Will    .....                   (no boots)
Stlth   ++........              (no amulet)
HPRegen 0.04/turn               (no ring)
MPRegen 0.09/turn               (no ring)

@: no status effects
A: high MP 1, forlorn, divine attributes
a: no special abilities


You were on level 1 of the Dungeon.
You visited 1 branch of the dungeon, and saw 1 of its levels.


Innate Abilities, Weirdness & Mutations

You have an increased reservoir of magic. (+10% MP)
You shall have no god before yourself.
Your divine heritage dramatically boosts your attributes as you level up.


   Skills:
 - Level 1.7 Dodging
 - Level 1.7 Stealth
 + Level 1.8 Spellcasting
 * Level 1.0 Conjurations
 * Level 2.7 Fire Magic


You had 2 spell levels left.
You knew the following spells:

 Your Spells              Type           Power      Damage    Failure   Level
a - Foxfire               Conj/Fire      32%        2x1d5     9%          1

Your spell library contained the following spells:

 Spells                   Type           Power      Damage    Failure   Level
 Scorch                   Fire           20%        2d6       10%         2
 Conjure Flame            Conj/Fire      8%         6-21      26%         3
 Inner Flame              Hex/Fire       6%         N/A       32%         3
 Flame Wave               Conj/Fire      8%         2d5       65%         4

Inventory:

Armour
 a - a +0 robe (worn)
Potions
 b - a potion of magic

Dungeon Overview and Level Annotations

Branches:
Dungeon (1/15) Zot: 5966

#### ... .. ###.
#.b## .
..####..@# ## .
.......J###.# .#
.....#....#.##.#
. ....
#.##.#....#.#
...
#.##.#......# #+
#....#ยง..#
##.......#
...........#
...$....#....#


You could see an endoplasm and a bat.


Message History

A jackal is nearby!
An endoplasm and a jackal come into view.
The jackal barks!
Casting: Foxfire (safe; 10% risk of failure)
Confirm with . or Enter, or press ? or * to list all spells.
You conjure some foxfire!
A bat comes into view.
The foxfire hits the jackal but does no damage.
The foxfire hits the jackal. ๐Ÿ˜Ž MP[-1]
You lost 1 mp, and now have 4/5 mp.
The jackal attacks as you move away! The jackal closely misses you.
The jackal barely misses you. The bat closely misses you.
Casting: Foxfire (safe; 10% risk of failure)
Confirm with . or Enter, or press ? or * to list all spells.
You conjure some foxfire!
The foxfire hits the jackal.
The foxfire hits the jackal.
You kill the jackal!
The jackal bites you.
Your Conjurations skill increases to level 1! ๐Ÿ˜• HP[-1] MP[-1]
You take 1 damage, and now have 13/14 hp.
You lost 1 mp, and now have 3/5 mp.
Casting: Foxfire (safe; 10% risk of failure)
Confirm with . or Enter, or press ? or * to list all spells.
You conjure some foxfire!
The jackal closely misses you.
The foxfire hits the jackal but does no damage.
The jackal misses you. ๐Ÿ˜• MP[-1]
You lost 1 mp, and now have 2/5 mp.
Casting: Foxfire (safe; 10% risk of failure)
Confirm with . or Enter, or press ? or * to list all spells.
You conjure some foxfire!
The jackal bites you but does no damage.
The jackal misses you.
The foxfire hits the jackal.
The jackal barely misses you.
Casting: Foxfire (safe; 10% risk of failure)
Confirm with . or Enter, or press ? or * to list all spells.
You conjure some foxfire!
The jackal barely misses you. x2
The foxfire hits the jackal.
The jackal closely misses you. ๐Ÿ˜• MP[-1]
You lost 1 mp, and now have 1/5 mp.
Casting: Foxfire (safe; 10% risk of failure)
Confirm with . or Enter, or press ? or * to list all spells.
You conjure some foxfire!
The jackal misses you.
The foxfire hits the jackal.
You kill the jackal!
The bat barely misses you. ๐Ÿ˜• MP[-1]
You lost 1 mp, and now have 0/5 mp.
Casting: Foxfire (safe; 9% risk of failure)
Confirm with . or Enter, or press ? or * to list all spells.
You don't have enough magic to cast this spell.
You hit the bat. The bat closely misses you. ๐Ÿ˜Ž HP[+1]
Your hp is fully restored (14).
You closely miss the bat. The bat hits you. ๐Ÿ˜• HP[-1]
You take 1 damage, and now have 13/14 hp.
You hit the endoplasm but do no damage. The bat closely misses you. x2
The endoplasm hits you. ๐Ÿ˜• HP[-1]
You take 1 damage, and now have 12/14 hp.
You barely miss the bat. The bat hits you but does no damage.
The bat barely misses you.
The endoplasm hits you but does no damage.
The bat hits you.
The endoplasm barely misses you. ๐Ÿ˜• HP[-1]
You take 1 damage, and now have 11/14 hp.
You hit the endoplasm but do no damage. The bat hits you but does no damage.
The bat barely misses you. The endoplasm freezes you.
You are frozen.
* * * LOW HITPOINT WARNING * * *
๐Ÿ˜จ HP[-5]
You take 5 damage, and now have 6/14 hp.
MASSIVE DAMAGE!! (PAUSE)
The bat hits you.
* * * LOW HITPOINT WARNING * * *
๐Ÿ˜จ HP[-1] MP[+1]
You take 1 damage, and now have 5/14 hp.
You closely miss the bat. The bat closely misses you.
The endoplasm freezes you.
You are frozen.
* * * LOW HITPOINT WARNING * * *
๐Ÿ˜จ HP[-1]
You take 1 damage, and now have 4/14 hp.
The bat hits you.
* * * LOW HITPOINT WARNING * * *
There is a staircase leading out of the dungeon here. ๐Ÿ˜ฑ HP[-1]
You take 1 damage, and now have 3/14 hp.
Casting: Foxfire (safe; 9% risk of failure)
Confirm with . or Enter, or press ? or * to list all spells.
You conjure some foxfire!
The bat hits you but does no damage.
The foxfire hits the bat.
The endoplasm freezes you.
You are frozen.
You die...

Skill      XL: |  1 |
---------------+----+-----
Conjurations   | 1 |  1.0
Dodging        | |  1.7
Stealth        | |  1.7
Spellcasting   | |  1.8
Fire Magic     | |  2.7

Action                   || total
-------------------------++-------
Melee: Unarmed           ||     6
 Cast: Foxfire           ||     7
Armor: Robe              ||     5
Dodge: Dodged            ||    19

Levels and vault maps discovered:
D:1:      saegor_arrival_simple_a, layout_basic

Notes
Turn   | Place    | Note
-------+----------+-------------------------------------------
     0 | D:1      | kae the Demigod Fire Elementalist began the quest for the
                  | Orb.
     0 | D:1      | Reached XP level 1. HP: 14/14 MP: 5/5
     0 | D:1      | magus.rc [v1.11.3]
    16 | D:1      | Reached skill level 1 in Conjurations
    32 | D:1      | HP: 3/14 [bat (1)]
    33 | D:1      | Frozen to death by an endoplasm

Vanquished Creatures
  2 jackals (D:1)
2 creatures vanquished.

Vanquished Creatures (others)
  7 foxfires (D:1)
7 creatures vanquished.

Grand Total: 9 creatures vanquished

Table legend:
 A = Non-vault XP
 B = Vault XP
 C = Vault XP percentage of total XP
 D = Non-vault monster count
 E = Vault monster count
 F = Vault count percentage of total count
                 A         B        C        D         E       F
            +---------+---------+-------+---------+---------+-------
      Total |       4 |       0 |   0.0 |       2 |       0 |   0.0
            +---------+---------+-------+---------+---------+-------
        D:1 |       4 |       0 |   0.0 |       2 |       0 |   0.0
            +---------+---------+-------+---------+---------+-------

Illustrated notes

Table legend:
 A = Kills in this place as a percentage of kills in entire the game.
 B = Kills by you in this place as a percentage of kills by you in the entire game.
 C = Kills by friends in this place as a percentage of kills by friends in the entire game.
 D = Other kills in this place as a percentage of other kills in the entire game.
 E = Experience gained in this place as a percentage of experience gained in the entire game.
 F = Experience gained in this place divided by the number of levels of this place that you have seen.
                   A       B       C       D       E      F
               +-------+-------+-------+-------+-------+----------------------
         Total | 100.0 | 100.0 |   N/A |   N/A | 100.0 |   4.0
       Dungeon | 100.0 | 100.0 |   N/A |   N/A | 100.0 |   4.0
               +-------+-------+-------+-------+-------+----------------------

Table legend: (Time is in decaauts)
 A = Elapsed time spent in this place.
 B = Non-inter-level travel time spent in this place.
 C = Inter-level travel time spent in this place.
 D = Time resting spent in this place.
 E = Time spent auto-exploring this place.
 F = Levels seen in this place.
 G = Mean time per level.
                   A        B        C        D        E       F      G
               +--------+--------+--------+--------+--------+-----+--------+
         Total |     33 |     33 |      0 |      0 |      5 |   1 |   33.0 |
       Dungeon |     33 |     33 |      0 |      0 |      5 |   1 |   33.0 |
               +--------+--------+--------+--------+--------+-----+--------+

Top non-repeatable levels by time:
     D:1: 33 daAuts
